 Dungeon Crawl Stone Soup version 0.30-a0-634-g8abc85282e (webtiles) character file.

Game seed: 18312636783804304464

1148 Caratheodory the Insei (level 8, -7/46 (54) HPs)
             Began as an Octopode Transmuter on Jan 14, 2023.
             Mangled by a wight
             ... wielding a +0 falchion
              (13 damage)
             ... on level 5 of the Dungeon.
             The game lasted 00:19:34 (5801 turns).

Caratheodory the Insei (Octopode Transmuter)        Turns: 5801, Time: 00:19:35

HP:   -7/46 (54)    AC:  1    Str:  9    XL:     8   Next: 38%
MP:   9/12          EV: 14    Int: 18    God:
Gold: 214           SH:  0    Dex: 12    Spells: 7/13 levels left

rFire   . . .      SeeInvis .      - Unarmed
rCold   . . .      Faith    .    (no shield)
rNeg    . . .      Spirit   .    (helmet restricted)
rPois   .          Reflect  .    (no amulet)
rElec   .          Harm     .    t - ring of resist corrosion
rCorr   +          Rampage  .    (no ring)
Will    .....                    (no ring)
Stlth   ++                       (no ring)
HPRegen 0.27/turn                (no ring)
MPRegen 0.13/turn                (no ring)
                                 (no ring)
                                 (no ring)

@: wereblooded, heavily drained
A: almost no armour, amphibious, 8 rings, camouflage 1, gelatinous body 1,
(nimble swimmer 1), tentacles
a: no special abilities


You were on level 5 of the Dungeon.
You visited 2 branches of the dungeon, and saw 6 of its levels.
You also visited: Sewer.

You collected 214 gold pieces.

Inventory:

Missiles
 h - 26 poisoned darts (quivered)
Jewellery
 t - a ring of resist corrosion (left tentacle)
Wands
 w - a wand of polymorph (10)
Scrolls
 b - 3 scrolls of blinking
 c - a scroll of enchant armour {unknown}
 e - a scroll of poison {unknown}
 g - a scroll of amnesia {unknown}
 j - a scroll of brand weapon {unknown}
 k - 2 scrolls of teleportation
 l - 2 scrolls of acquirement {unknown}
 q - 2 scrolls of vulnerability {unknown}
 v - a scroll of noise {unknown}
 x - a scroll of fog {unknown}
 y - a scroll of enchant weapon {unknown}
Potions
 a - a potion of lignification
 d - 3 potions of heal wounds
 f - 2 potions of invisibility
 i - 3 potions of brilliance
 m - a potion of attraction {unknown}
 n - 2 potions of mutation
 o - 2 potions of haste {unknown}
 p - a potion of cancellation {unknown}
 r - a potion of might {unknown}
 s - a potion of magic {unknown}
 u - a potion of ambrosia {unknown}
 z - a potion of flight {unknown}


   Skills:
 + Level 4.6 Fighting
 + Level 5.0 Dodging
 + Level 5.5 Unarmed Combat
 - Level 3.0 Spellcasting
 + Level 5.0 Transmutations


You had 7 spell levels left.
You knew the following spells:

 Your Spells              Type           Power      Damage    Failure   Level
a - Beastly Appendage     Tmut           40%        N/A       1%          1
b - Wereblood             Tmut           20%        N/A       3%          2
c - Spider Form           Tmut/Pois      11%        N/A       17%         3

Your spell library contained the following spells:

 Spells                   Type           Power      Damage    Failure   Level
 Sandblast                Erth           4%         2d4       16%         1
 Shock                    Conj/Air       8%         1d3       16%         1
 Swiftness                Air            2%         N/A       43%         3
 Ice Form                 Ice/Tmut       11%        N/A       50%         4
 Airstrike                Air            1%         2d(1-17)  85%         4


Dungeon Overview and Level Annotations

Branches:
Dungeon (5/15)             Temple (1/1) D:4           Sewer (visited)

Altars:
Cheibriados
Dithmenos
Fedhas
Gozag
Hepliaklqana
Kikubaaqudgha
Makhleb
Nemelex Xobeh
Okawaru
Qazlal
Ru
Sif Muna
Trog
Uskayaw
Vehumet
Wu Jian
Yredelemnul
Zin

Shops:
D:5 =


Innate Abilities, Weirdness & Mutations

You cannot wear most types of armour.
You are amphibious.
You can wear up to eight rings at the same time.
Your skin changes colour to match your surroundings (Stealth+).
Your rubbery body absorbs attacks. (AC +1, EV +1)
((You are camouflaged when in or above water. (Stealth+)))
You have tentacles for arms and can constrict up to eight enemies at once.


Message History

You hiss as the wereblood boils in your veins!
The gnoll barely misses you.
You bite the gnoll!
You feel a bit better.
You kill the gnoll!
You hiss as the wereblood boils in your veins!
Things that are here:
a +0 club; a +0 spear You barely miss the orc.
The orc hits you with a +0 club.
You hit the orc.
The orc is poisoned.
The orc is moderately wounded.
The orc closely misses you.
You hit the orc.
The orc looks as sick as possible!
The orc is almost dead.
Your transformation is almost over.
You feel a bit better.
You kill the orc!
The wight closely misses you.
You hit the wight.
The wight is moderately damaged.
The wight hits you with a +0 falchion.
You feel drained.
You bite the wight!
The wight is heavily damaged.
You barely miss the wight.
The wight is heavily damaged.
The wight misses you.
You hit the wight.
The wight is severely damaged.
The wight barely misses you.
You barely miss the wight.
The wight is severely damaged.
The wight hits you with a +0 falchion!
You barely miss the wight.
The wight is severely damaged.
Your transformation has ended.
The wight hits you with a +4 flail of freezing!
* * * LOW HITPOINT WARNING * * *
The wight freezes you.
* * * LOW HITPOINT WARNING * * *
The wight hits you with a +0 falchion!
You die...

#.z..>..# #.# #....g..#
##.### #....g..# ....
#.......## #####.# # #.#
#.##.....### #.#.#
#..........#
#.#)######.###.#.##
..##...)#####.# #....##
.........)z@...###.....#####
##.##....#z..).)............
# #..#.#.##.####.....#####
#.###..##.# ##...## #.#
##.##.# ##.## ## .###.# #.#
.. ... #.# ..# #.. #.# .#.
...


You could see 2 wights.

Vanquished Creatures
  Prince Ribbit (D:5)
  An orc warrior (D:4)
  A black bear (D:5)
  2 kobold brigands (Sewer)
  2 scorpions (D:4)
  3 wights (D:5)
  A jelly (D:4)
  A hound (D:5)
  9 gnolls
  9 adders
  3 river rats (Sewer)
  2 ufetubi (D:4)
  4 worms
  2 dart slugs
  4 orcs
  10 ball pythons
  7 endoplasms
  2 giant cockroaches
  3 goblins
  4 hobgoblins
  2 jackals (D:2)
  8 quokkas
  6 bats
  4 frilled lizards
  9 kobolds
  6 rats
106 creatures vanquished.

Vanquished Creatures (others)
  30 plants (D:2)
30 creatures vanquished.

Grand Total: 136 creatures vanquished

Notes
Turn   | Place    | Note
-------+----------+-------------------------------------------
     0 | D:1      | Caratheodory the Octopode Transmuter began the quest for
                  | the Orb.
     0 | D:1      | Reached XP level 1. HP: 13/13 MP: 3/3
   374 | D:1      | Reached XP level 2. HP: 18/18 MP: 5/5
   423 | D:1      | Found a faded altar of an unknown god.
   431 | D:1      | Got Plato's Essays on Scree
  1008 | D:2      | Reached XP level 3. HP: 23/23 MP: 4/6
  1150 | D:2      | Found a stormy altar of Qazlal.
  1269 | D:2      | Found a hazy altar of Hepliaklqana.
  1477 | D:2      | Reached XP level 4. HP: 29/29 MP: 7/7
  2043 | D:3      | Learned a level 2 spell: Wereblood
  2043 | D:3      | Found a sacrificial altar of Ru.
  2043 | D:3      | Found a blossoming altar of Fedhas.
  2046 | D:3      | Found a hide-covered altar of Uskayaw.
  2166 | D:3      | Found an ancient bone altar of Kikubaaqudgha.
  2167 | D:3      | Found a glowing drain.
  2169 | D:3      | Found a bloodstained altar of Trog.
  2203 | Sewer    | Entered a sewer
  2378 | Sewer    | Reached XP level 5. HP: 30/34 MP: 5/9
  2451 | Sewer    | Noticed a kobold brigand
  2462 | Sewer    | Killed a kobold brigand
  2640 | Sewer    | Noticed a kobold brigand
  2664 | Sewer    | Killed a kobold brigand
  2665 | Sewer    | Reached XP level 6. HP: 25/41 MP: 10/10
  3350 | D:3      | Found a sparkling altar of Nemelex Xobeh.
  3350 | D:3      | Found a snail-covered altar of Cheibriados.
  3351 | D:3      | Found a burning altar of Makhleb.
  3352 | D:3      | Found an iron altar of Okawaru.
  3352 | D:3      | Found a hazy altar of Hepliaklqana.
  3352 | D:3      | Found a shadowy altar of Dithmenos.
  3354 | D:3      | Found an ornate altar of the Wu Jian Council.
  3602 | D:4      | Noticed an orc warrior
  4088 | D:4      | Found a staircase to the Ecumenical Temple.
  4098 | D:4      | Reached XP level 7. HP: 40/46 MP: 11/11
  4139 | Temple   | Entered the Ecumenical Temple
  4596 | D:4      | Learned a level 3 spell: Spider Form
  4882 | D:5      | Entered Level 5 of the Dungeon
  4920 | D:5      | Noticed Prince Ribbit
  4938 | D:5      | Killed Prince Ribbit
  4939 | D:5      | Reached skill level 5 in Unarmed Combat
  5159 | D:5      | Found Xodis's Jewellery Boutique.
  5259 | D:5      | Reached XP level 8. HP: 45/54 MP: 12/12
  5667 | D:5      | Reached skill level 5 in Dodging
  5739 | D:5      | Reached skill level 5 in Transmutations
  5801 | D:5      | Mangled by a wight

Illustrated notes

Levels and vault maps discovered:
D:1:      nagdon_arrival_double_spiral, layout_loops_ring,
          shapermc_ecumenical_altar_rom_forum
D:2:      wad_woods_stonehenge, layout_basic, basic_altar, minmay_heptomino_h4
D:3:      layout_basic, nicolae_overflows_in_rows, cheibrodos_sewer_entry_drain
D:4:      minmay_diamond_boxcup, layout_basic, minmay_temple_entry_junction
D:5:      layout_loops_ring, serial_shops, shop, uniq_prince_ribbit1
Temple:   nicolae_temple_stand_before_the_council

Skill      XL: |  1  2  3  4  5  6  7  8 |
---------------+-------------------------+-----
Fighting       | 2 3 4 |  4.6
Dodging        | 3 4 5 |  5.0
Transmutations | 3 4 5 |  5.0
Spellcasting   | 3 |  3.0
Unarmed Combat | 4 5 |  5.5

Action                   |  1- 3 |  4- 6 |  7- 9 || total
-------------------------+-------+-------+-------++-------
Melee: Unarmed           |    78 |   158 |   102 ||   338
       Tentacles         |    23 |    29 |     9 ||    61
       Constrict         |    23 |    39 |    12 ||    74
       Kick              |     8 |    53 |    18 ||    79
       Punch             |     2 |     5 |     5 ||    12
Throw: Dart              |       |     2 |     5 ||     7
 Cast: Beastly Appendage |     5 |    31 |    11 ||    47
       Wereblood         |       |     1 |     1 ||     2
       Spider Form       |       |       |     7 ||     7
  Use: Scroll            |       |     5 |     1 ||     6
       Potion            |       |       |     1 ||     1
 Stab: Sleeping          |     5 |     8 |       ||    13
Armor: Skin              |     2 |     7 |     4 ||    13
Dodge: Dodged            |    36 |    84 |    55 ||   175

Table legend: (Time is in decaauts)
 A = Elapsed time spent in this place.
 B = Non-inter-level travel time spent in this place.
 C = Inter-level travel time spent in this place.
 D = Time resting spent in this place.
 E = Time spent auto-exploring this place.
 F = Levels seen in this place.
 G = Mean time per level.
                   A        B        C        D        E       F      G
               +--------+--------+--------+--------+--------+-----+--------+
         Total |   5775 |   5591 |    184 |    100 |   4104 |   7 |  825.0 |
       Dungeon |   5141 |   4957 |    184 |    100 |   3793 |   5 | 1028.2 |
        Temple |     27 |     27 |      0 |      0 |      8 |   1 |   27.0 |
         Sewer |    605 |    605 |      0 |      0 |    303 |   1 |  605.0 |
               +--------+--------+--------+--------+--------+-----+--------+

Top non-repeatable levels by time:
     D:4: 1486 daAuts
     D:2: 1280 daAuts
     D:3: 892 daAuts
     D:1: 752 daAuts
     D:5: 729 daAuts
   Sewer: 605 daAuts
  Temple: 27 daAuts
